Map: Dusk Towers

Players

HueyFreeman

  • Race: Protoss Protoss
  • League: Diamond

LilDicky - Winner!

  • Race: Terran Terran
  • League: Diamond

VOD

http://www.twitch.tv/tumescentpie

Description

Time

  • Played on: Jan. 3, 2016, 2:22 a.m.
  • Length: 6:54
Show
View Real Time Build Order
Export as new Build Order

HueyFreeman Protoss 

Build Orders:  

Get SALT Encoding   

  12  0:01  Probe (Chrono Boost)  
  13  0:12  Probe (Chrono Boost)  
  14  0:20  Pylon  
  14  0:23  Probe (Chrono Boost)  
  15  0:38  Probe (Chrono Boost)  
  15  0:41  Gateway  
  16  0:43  Assimilator  
  16  0:48  Probe (Chrono Boost)  
  17  0:53  Assimilator  
  17  0:59  Probe (Chrono Boost)  
  18  1:12  Probe (Chrono Boost)  
  19  1:28  Cybernetics Core  
  19  1:31  Probe (Chrono Boost)  
  19  1:32  Pylon  
  20  1:49  Pylon x2  
  20  1:51  Pylon  
  20  2:11  Pylon  
  21  2:16  Mothership Core (Chrono Boost), Adept  
  21  2:19  Gateway, Warp Gate  
  23  2:23  Pylon  
  23  2:51  Adept  
  25  3:02  Stargate  
  25  3:15  Nexus  
  25  3:19  Probe (Chrono Boost)  
  26  3:24  Adept  
  28  4:02  Adept x2  
  32  4:08  Oracle (Chrono Boost)  
  35  4:27  Probe  
  36  4:38  Probe  
  37  4:45  Nexus  
  37  4:47  Pylon  
  37  4:59  Adept  
  39  5:06  Probe  
  39  5:07  Probe  
  41  5:14  Pylon  
  44  5:43  Adept x2  
  44  5:49  Gateway  
  43  6:09  Adept x2  
Show
View Real Time Build Order
Export as new Build Order

LilDicky Terran - Winner!

Build Orders: MMM Bio 

Get SALT Encoding   

  12  0:01  SCV  
  13  0:14  SCV  
  14  0:23  Supply Depot  
  14  0:28  SCV  
  15  0:44  SCV  
  15  0:48  Refinery, Barracks  
  16  1:09  SCV  
  17  1:21  SCV  
  18  1:34  SCV  
  18  1:38  Marine  
  18  1:39  Supply Depot  
  20  1:46  Orbital Command  
  20  2:07  Marine  
  21  2:15  SCV  
  22  2:24  Barracks  
  22  2:27  Barracks  
  23  2:34  Refinery  
  23  2:36  SCV, Factory  
  24  2:49  SCV  
  24  2:50  Barracks Reactor  
  23  3:07  Factory  
  23  3:10  SCV  
  24  3:13  Barracks Tech Lab  
  24  3:14  Barracks Tech Lab  
  24  3:22  SCV  
  25  3:32  Supply Depot, Marine x3  
  25  3:34  SCV, Stimpack  
  29  3:35  Marine  
  30  3:49  Marine  
  30  3:50  Marine  
  30  3:53  Marine x2  
  33  3:57  Supply Depot  
  33  4:05  Factory Reactor  
  33  4:06  Starport  
  33  4:07  Marine  
  33  4:08  Marine  
  33  4:09  Combat Shields  
  35  4:11  Marine x2  
  37  4:25  Marine  
  37  4:26  Marine  
  37  4:29  Marauder  
  37  4:31  Supply Depot  
  41  4:38  Marauder  
  43  4:39  SCV  
  43  4:44  Medivac  
  46  4:51  SCV  
  47  4:58  Supply Depot  
  47  5:00  Widow Mine  
  47  5:03  Marauder  
  51  5:09  SCV  
  48  5:23  Medivac  
  47  5:29  Widow Mine  
  46  5:42  Marine  
  47  5:43  Marauder  
  46  6:10  Marine x2  
Tags
 
Add a new tag
Caveats
  • Supply blocks, unpowered buildings, or Contaminate may cause inaccurate times.
  • Supply counts are checked every 10 seconds.